 Dungeon Crawl Stone Soup version 0.28.0-43-g3370ac3207 (webtiles) character file.

Game seed: 11257344438195297274

3158 croobank the Sneak (level 9, -8/57 HPs)
             Began as a Demonspawn Fire Elementalist on Mar 16, 2022.
             Mangled by a wight
             ... wielding a +3 mace
              (10 damage)
             ... on level 8 of the Dungeon.
             The game lasted 00:27:18 (7853 turns).

croobank the Sneak (Demonspawn Fire Elementalist)   Turns: 7853, Time: 00:27:19

Health: -8/57      AC: -2    Str:  8    XL:     9   Next: 62%
Magic:  17/17      EV: 12    Int: 28    God:
Gold:   399        SH: 13    Dex:  9    Spells: 10/19 levels left

rFire   . . .      SeeInvis .   z - +1 morningstar of the Coin {venom, rElec rC+ Int+7 Dex-5}
rCold   + . .      Faith    .   q - +2 buckler
rNeg    . . .      Spirit   .   f - +0 steam dragon scales
rPois   .          Reflect  +   G - +0 helmet
rElec   +          Harm     .   (no cloak)
rCorr   .          Rampage  .   (no gloves)
Will    .....                   (no boots)
Stlth   +++.......              j - amulet of reflection
HPRegen 0.19/turn               (no ring)
MPRegen 0.30/turn               (no ring)

@: mighty, weak-willed, corroded, flying
A: hooves 2, large bone plates 1, foul stench 2, magic regeneration
a: no special abilities


You were on level 8 of the Dungeon.
You visited 1 branch of the dungeon, and saw 8 of its levels.

You collected 399 gold pieces.

Inventory:

Hand Weapons
 a - a +2 dagger of venom
 b - the +1 hunting sling of Division {flame, rElec rPois rN+++ Stlth-}
   (You acquired it on level 4 of the Dungeon)

   Any ammunition fired from it burns those it strikes, dealing additional fire
   damage.
   rElec:     It insulates you from electricity.
   rPois:     It protects you from poison.
   rN:        It renders you almost immune to negative energy.
   Stlth:     It makes you less stealthy.
 g - a +0 dagger of speed
 l - a +0 short sword of electrocution
 o - a +2 dagger of pain
 z - the +1 morningstar of the Coin (weapon) {venom, rElec rC+ Int+7 Dex-5}
   (You acquired it on level 5 of the Dungeon)

   It poisons the flesh of those it strikes.
   Int:       It affects your intelligence (+7).
   Dex:       It affects your dexterity (-5).
   rC:        It protects you from cold.
   rElec:     It insulates you from electricity.
 K - a +4 scimitar of freezing
 L - a +2 halberd of freezing
 P - a +3 falchion
Missiles
 h - 194 stones
 m - 92 sling bullets
 n - 168 arrows
 t - 3 javelins
 y - 5 boomerangs
 E - 15 bolts
Armour
 f - +0 steam dragon scales (worn)
 i - a +0 ring mail
 q - a +2 buckler (worn)
 s - a +0 leather armour
 A - a +0 robe
 C - a scarf of harm
 G - a +0 helmet (worn)
 N - a +0 leather armour of cold resistance
Jewellery
 j - an amulet of reflection (around neck)
 I - a +6 ring of strength
Wands
 u - a wand of paralysis (4)
Scrolls
 c - 2 scrolls of blinking {unknown}
 e - a scroll of fear {unknown}
 k - 5 scrolls of enchant armour {unknown}
 r - 3 scrolls of amnesia
 B - 3 scrolls of identify {unknown}
 D - 4 scrolls of vulnerability
 F - 3 scrolls of silence {unknown}
 M - a scroll of torment {unknown}
 O - a scroll of noise {unknown}
Potions
 w - a potion of brilliance {unknown}
 H - 3 potions of curing {unknown}
 J - a potion of resistance {unknown}


   Skills:
 + Level 5.8 Dodging
 + Level 6.2 Stealth
 + Level 5.8 Spellcasting
 + Level 6.1 Conjurations
 + Level 6.2 Fire Magic


You had 10 spell levels left.
You knew the following spells:

 Your Spells              Type           Power      Damage    Failure   Level
a - Foxfire               Conj/Fire      100%       2x1d9     1%          1
b - Scorch                Fire           84%        2d9       1%          2
c - Flame Wave            Conj/Fire      42%        2d9       7%          4
d - Searing Ray           Conj           84%        2d7       1%          2

Your spell library contained the following spells:

 Spells                   Type           Power      Damage    Failure   Level
 Magic Dart               Conj           100%       1d8       1%          1
 Conjure Flame            Conj/Fire      42%        6-21      1%          3
 Inner Flame              Hex/Fire       25%        N/A       7%          3
 Animate Skeleton         Necr           16%        N/A       9%          1
 Apportation              Tloc           16%        N/A       9%          1
 Summon Small Mammal      Summ           32%        N/A       9%          1
 Corpse Rot               Necr/Air       16%        N/A       13%         2
 Ensorcelled Hibernation  Hex/Ice        16%        N/A       13%         2
 Passwall                 Tmut/Erth      6%         N/A       13%         2
 Poisonous Vapours        Pois/Air       16%        N/A       13%         2
 Fulminant Prism          Conj/Hex       12%        3d9       24%         4
 Swiftness                Air            8%         N/A       26%         3
 Dispel Undead            Necr           8%         3d8       63%         4
 Death Channel            Necr           4%         N/A       100%        6


Dungeon Overview and Level Annotations

Branches:
Dungeon (8/15)             Temple (0/1) D:4
   Lair: D:8-11

Altars:
Cheibriados
Gozag
Wu Jian

Portals:
Abyss: D:4

Annotations:
D:3 3 runed translucent doors, pkoi's ghost, amateur DrMo
D:4 2 transporters, safid's ghost, amateur HOFi
D:5 Eustachio


Innate Abilities, Weirdness & Mutations

You have hoof-like feet.
You are partially covered in large bone plates. (SH +4)
You sometimes emit foul miasma when damaged in melee.
You regenerate magic rapidly.


Message History

Confirm with . or Enter, or press ? or * to list all spells.
Flames lash the wight.
The wight is burned terribly!
You destroy the wight!
Things that are here:
a +2 flail; a +0 robe A wight comes into view.
It is wielding a +3 mace.
Casting: Scorch (safe; 1% risk of failure)
Confirm with . or Enter, or press ? or * to list all spells.
You conjure some foxfire!
A wight comes into view.
It is wielding a +1 flail of protection and carrying a wand of acid (6).
The foxfire hits the wight but does no damage. x2
Casting: Foxfire (safe; 1% risk of failure)
Confirm with . or Enter, or press ? or * to list all spells.
You conjure some foxfire!
The foxfire hits the wight.
The wight is lightly damaged.
The foxfire hits the wight.
The wight is moderately damaged.
Casting: Foxfire (safe; 1% risk of failure)
Confirm with . or Enter, or press ? or * to list all spells.
Flames lash the wight.
The wight is moderately damaged.
The wight's fire resistance burns away.
The wight zaps a wand.
The bolt of acid hits you!! The acid corrodes you!
Okay, then.
As you read the scroll labelled DUG VYETIG KAPN, it crumbles to dust.
Magic quickly surges around you.
It was a scroll of vulnerability.
The wight is no longer more vulnerable to fire.
The wight zaps a wand.
The bolt of acid hits you!!
* * * LOW HITPOINT WARNING * * *
The acid corrodes you! You block the wight's attack.
There is an open door here.
It was a potion of might.
You feel very mighty all of a sudden. You block the wight's attack.
It was a potion of flight.
You feel very buoyant.
You fly up into the air.
The wight hits you with a +3 mace!
You die...

.... ##### #..
....#### ... +..
........ .....#...
........
.....##'####.......
...................
............##'#
............z..#
........z..#@.#
###.......#..+
#.......#..#
#.......#..#
########.......#..#
.........###+###..#
.........+ ....
...†.....# ....
.........#


You could see a wight (weak-willed).

Vanquished Creatures
  2 steam dragons (D:7)
  Duvessa (D:4)
  4 sky beasts
  A black bear (D:8)
  2 necrophages
  A hornet zombie (D:8)
  3 centaurs
  A scorpion (D:6)
  A wyvern skeleton (D:7)
  A water moccasin skeleton (D:5)
  Dowan (D:4)
  9 killer bees (D:8)
  6 wights
  A howler monkey (D:6)
  A bullfrog zombie (D:7)
  5 hounds
  A centaur zombie (D:7)
  2 jellies
  4 orc priests
  2 bullfrog skeletons (D:6)
  Ijyb (D:3)
  4 iguanas
  5 orc wizards
  Natasha (twice) (D:2)
  A killer bee zombie (D:7)
  A mummy (D:6)
  2 howler monkey zombies (D:6)
  Robin (D:3)
  4 adders
  2 ufetubi
  3 worms (D:3)
  2 dart slugs
  22 orcs
  12 ball pythons
  5 endoplasms
  3 giant cockroaches
  13 goblins
  5 hobgoblins
  6 jackals
  2 quokkas
  8 bats
  3 frilled lizards
  4 kobolds
  4 rats
164 creatures vanquished.

Vanquished Creatures (others)
  224 foxfires
224 creatures vanquished.

Grand Total: 388 creatures vanquished

Notes
Turn   | Place    | Note
-------+----------+-------------------------------------------
     0 | D:1      | croobank the Demonspawn Fire Elementalist began the quest
                  | for the Orb.
     0 | D:1      | Reached XP level 1. HP: 13/13 MP: 3/3
   204 | D:1      | Gained mutation: You have large cloven feet. [demonic
                  | ancestry]
   204 | D:1      | Reached XP level 2. HP: 19/19 MP: 0/5
   207 | D:1      | Learned a level 2 spell: Scorch
   553 | D:1      | Gained mutation: You may rarely emit foul miasma when
                  | damaged in melee. [demonic ancestry]
   553 | D:1      | Reached XP level 3. HP: 19/24 MP: 4/6
  1070 | D:2      | Found an ornate altar of the Wu Jian Council.
  1088 | D:2      | Noticed Natasha
  1097 | D:2      | Killed Natasha
  1269 | D:2      | Noticed Natasha
  1275 | D:2      | Killed Natasha
  1276 | D:2      | Gained mutation: You are partially covered in large bone
                  | plates. (SH +4) [demonic ancestry]
  1276 | D:2      | Reached XP level 4. HP: 23/30 MP: 0/7
  1570 | D:2      | You fall into a shaft and drop 1 floor!
  1668 | D:3      | Noticed Ijyb
  1668 | D:3      | Paralysed by Ijyb for 6 turns
  1677 | D:3      | Killed Ijyb
  1678 | D:3      | Gained mutation: You have hoof-like feet. [demonic
                  | ancestry]
  1678 | D:3      | Reached XP level 5. HP: 35/35 MP: 0/9
  1862 | D:3      | Learned a level 4 spell: Flame Wave
  1889 | D:3      | Noticed pkoi's ghost (amateur DrMo)
  1892 | D:3      | Noticed a black bear
  1981 | D:3      | Found a runed translucent gate.
  1981 | D:3      | Found a runed translucent gate.
  1999 | D:3      | Noticed a sky beast
  2002 | D:3      | Killed a sky beast
  2575 | D:3      | Reached XP level 6. HP: 41/41 MP: 5/10
  2578 | D:3      | Noticed Robin
  2622 | D:3      | Killed Robin
  2834 | D:3      | Found a runed translucent gate.
  3033 | D:4      | Learned a level 2 spell: Searing Ray
  3223 | D:4      | Identified the +7 hand axe "Lietesmaa" {holy, rN+ Str+5}
  3245 | D:4      | Found a staircase to the Ecumenical Temple.
  3525 | D:4      | Noticed a small abomination
  3530 | D:4      | Noticed a small abomination
  3541 | D:4      | Found a transporter.
  3560 | D:4      | Found a transporter.
  3561 | D:4      | Identified 2 scrolls of acquirement
  3561 | D:4      | Acquired the +1 hunting sling of Division {flame, rElec
                  | rPois rN+++ Stlth-}
  3561 | D:4      | Noticed safid's ghost (amateur HOFi)
  3568 | D:4      | Found a one-way gate to the infinite horrors of the Abyss.
  3583 | D:4      | Noticed Duvessa
  3584 | D:4      | Noticed Dowan
  3591 | D:4      | Killed Dowan
  3595 | D:4      | Killed Duvessa
  3596 | D:4      | Reached XP level 7. HP: 27/46 MP: 2/12
  3910 | D:5      | Entered Level 5 of the Dungeon
  4061 | D:5      | Acquired the +1 morningstar of the Coin {venom, rElec rC+
                  | Int+7 Dex-5}
  4783 | D:5      | Noticed Eustachio
  4795 | D:4      | Gained mutation: You regenerate magic rapidly. [demonic
                  | ancestry]
  4795 | D:4      | Reached XP level 8. HP: 52/52 MP: 4/14
  5123 | D:6      | Found an opulent altar of Gozag.
  5283 | D:6      | Found a snail-covered altar of Cheibriados.
  5619 | D:6      | Reached skill level 5 in Fire Magic
  6341 | D:7      | Reached skill level 5 in Stealth
  6360 | D:7      | Reached skill level 5 in Spellcasting
  6360 | D:7      | Reached skill level 5 in Conjurations
  6372 | D:7      | Reached skill level 5 in Dodging
  6382 | D:7      | Gained mutation: You sometimes emit foul miasma when
                  | damaged in melee. [demonic ancestry]
  6382 | D:7      | Reached XP level 9. HP: 25/57 MP: 2/16
  7847 | D:8      | HP: 1/57 [wight/bolt of acid (25)]
  7853 | D:8      | Mangled by a wight

Illustrated notes

Levels and vault maps discovered:
D:1:      saegor_arrival_simple_e, layout_rooms, nicolae_figureground_pulse
D:2:      layout_basic, hellmonk_ecumenical_altar_arch_garden, basic_altar,
          uniq_natasha
D:3:      layout_loops_cross, gammafunk_ghost_split, uniq_ijyb, uniq_robin
D:4:      layout_cave_pools, minmay_temple_entry_glassed_door,
          gammafunk_ghost_abyssal_escape, uniq_duvessa
D:5:      layout_basic, uniq_eustachio
D:6:      layout_basic, slow_altar_2,
          nicolae_gozag_cash_rules_everything_around_me, serial_glass,
          glass_columns_a, glass_columns_a, minmay_strange_pillars
D:7:      layout_loops_ring, hangedman_misty_isle
D:8:      layout_gridville, nicolae_shop_firing_range

Skill      XL: |  1  2  3  4  5  6  7  8  9 |
---------------+----------------------------+-----
Stealth        | 2 3 4 5 6 |  6.2
Dodging        | 2 3 4 5 |  5.8
Fire Magic     | 3 4 5 6 |  6.2
Conjurations   | 2 3 4 5 6 |  6.1
Spellcasting   | 3 4 5 |  5.8

Action                   |  1- 3 |  4- 6 |  7- 9 || total
-------------------------+-------+-------+-------++-------
Melee: Dagger            |    75 |    47 |       ||   122
       Kick              |    17 |    21 |     8 ||    46
       Punch             |     1 |       |       ||     1
       Morningstar       |       |       |    45 ||    45
 Fire: Hunting sling     |       |     3 |       ||     3
 Cast: Foxfire           |    36 |    37 |    60 ||   133
       Scorch            |     9 |    42 |    91 ||   142
       Flame Wave        |       |       |     2 ||     2
       Searing Ray       |       |       |     3 ||     3
  Use: Scroll            |       |     2 |     2 ||     4
       Potion            |       |       |     4 ||     4
Armor: Robe              |     8 |     5 |    14 ||    27
       Steam dragon scal |       |       |     8 ||     8
Dodge: Dodged            |    46 |    11 |    39 ||    96
Block: Other             |     4 |       |       ||     4
       Buckler           |     1 |    40 |    76 ||   117
       Reflection        |       |     3 |     4 ||     7
